 Dungeon Crawl Stone Soup version 0.28-a0-1616-g050a50673c (webtiles) character file.

Game seed: 17245198274503370346

257 Astera the Covered (level 6, 0/76 HPs)
             Began as a Barachi Fighter on Jan 16, 2022.
             Was a Believer of Trog.
             Succumbed to an orc wizard's poison
             ... on level 4 of the Dungeon on Jan 22, 2022.
             The game lasted 00:10:32 (3389 turns).

Astera the Covered (Barachi Fighter)                Turns: 3389, Time: 00:10:33

Health: 0/76       AC: 12    Str: 20    XL:     6   Next: 16%
Magic:  6/6        EV:  5    Int:  8    God:    Trog [**....]
Gold:   123        SH:  5    Dex: 11    Spells: 5/5 levels left

rFire   . . .      SeeInvis +   a - +0 long sword
rCold   . . .      Faith    .   c - +0 buckler
rNeg    . . .      Spirit   .   j - +0 plate armour
rPois   .          Reflect  .   (no helmet)
rElec   .          Harm     .   (no cloak)
rCorr   .          Rampage  .   (no gloves)
Will    .....                   (no boots)
Stlth   ..........              (no amulet)
HPRegen 0.22/turn               f - ring of see invisible
MPRegen 0.10/turn               (no ring)

@: berserking (expiring), lethally poisoned (0 -> -4), quick
A: amphibious, slowness 1, strong legs 1, +LOS
a: Hop, Renounce Religion, Berserk, Trog's Hand


You were on level 4 of the Dungeon.
You worshipped Trog.
Trog was pleased with you.
You visited 1 branch of the dungeon, and saw 4 of its levels.

You collected 123 gold pieces.

Inventory:

Hand Weapons
 a - a +0 long sword (weapon)
Missiles
 k - a boomerang (quivered)
Armour
 c - a +0 buckler (worn)
 j - a +0 plate armour (worn)
Jewellery
 f - a ring of see invisible (left hand)
Wands
 n - a wand of charming (9)
Scrolls
 b - a scroll of vulnerability {unknown}
 g - a scroll of magic mapping {unknown}
 h - 3 scrolls of teleportation {unknown}
 i - a scroll of silence {unknown}
 o - a scroll of identify {unknown}
Potions
 d - 2 potions of might
 e - 2 potions of brilliance {unknown}
 l - a potion of haste {unknown}
 m - a potion of curing {unknown}


   Skills:
 + Level 5.0 Fighting
 + Level 4.2 Long Blades
 + Level 5.1 Armour
 + Level 4.6 Shields


You had 5 spell levels left.
You didn't know any spells.
Your spell library contained the following spells:

 Spells                   Type           Power      Damage    Failure   Level
 Magic Dart               Conj           0%         1d3       100%        1
 Call Imp                 Summ           0%         N/A       100%        2
 Mephitic Cloud           Conj/Pois/Air  0%         N/A       100%        3


Dungeon Overview and Level Annotations

Branches:
Dungeon (4/15)
 Temple: D:4-7

Altars:
Trog


Innate Abilities, Weirdness & Mutations

You are amphibious.
You cover ground slowly.
You can hop short distances.
You have an extended range of vision and can be seen from far away.


Message History

Press: ? - help, Dir - move target
Okay, then.
Unknown command.
A red film seems to cover your vision as you go berserk!
You feel yourself moving faster!
You feel mighty! The orc hits you with a +0 club.
You slash the orc!
You kill the orc!
Trog accepts your kill.
The orc wizard gestures at you while chanting.
The puff of flame hits you. You block the orc wizard's attack.
Things that are here:
a +0 club; a +0 ring mail; an orc corpse You closely miss the orc wizard.
You block the orc wizard's attack.
You barely miss the orc wizard.
The orc priest calls down the wrath of Beogh upon you.
Beogh smites you!
* * * LOW HITPOINT WARNING * * *
You slash the orc wizard!
The orc wizard is severely wounded.
The orc wizard hits you with a +2 dagger of venom.
* * * LOW HITPOINT WARNING * * *
You are lethally poisoned!
You slash the orc wizard!
You kill the orc wizard!
Trog accepts your kill.
Trog appreciates your killing of a magic user.
* * * LOW HITPOINT WARNING * * *
You feel sick.
You barely miss the orc priest.
* * * LOW HITPOINT WARNING * * *
You feel sick. You block the orc priest's attack.
You closely miss the orc priest.
* * * LOW HITPOINT WARNING * * *
You feel sick.
The orc priest hits you but does no damage.
You hit the orc priest.
The orc priest is heavily wounded.
You die...

#.# #.# #.#
#.# #.# #.#
#w# #o# #@#
#.# #.# #.#
##.#
........
##..#
..........
##..##
#..........
.....
####..##
#...........
.....
###...>##
#...........


You could see an orc priest and a dart slug.

Vanquished Creatures
  A scorpion (D:4)
  A hound (D:2)
  2 orc wizards
  3 gnolls (D:2)
  An adder (D:2)
  A worm (D:3)
  6 orcs
  6 endoplasms
  7 giant cockroaches
  6 goblins
  14 hobgoblins
  6 kobolds
  2 quokkas
  2 ball pythons (D:1)
  3 bats (D:1)
  4 frilled lizards
  5 rats
70 creatures vanquished.

Notes
Turn   | Place    | Note
-------+----------+-------------------------------------------
     0 | D:1      | Astera the Barachi Fighter began the quest for the Orb.
     0 | D:1      | Reached XP level 1. HP: 18/18 MP: 1/1
   183 | D:1      | Reached XP level 2. HP: 25/25 MP: 2/2
   391 | D:1      | Found a faded altar of an unknown god.
   401 | D:1      | Prayed at the altar of an unknown god.
   401 | D:1      | Became a worshipper of Trog the Wrathful
   401 | D:1      | Reached * piety under Trog
   731 | D:1      | Reached XP level 3. HP: 27/30 MP: 3/3
  1015 | D:2      | Reached XP level 4. HP: 22/37 MP: 4/4
  1550 | D:2      | Reached ** piety under Trog
  1872 | D:2      | Reached XP level 5. HP: 43/43 MP: 5/5
  2761 | D:3      | Upgraded the game from 0.28-a0-1513-ge4f4046303 to
                  | 0.28-a0-1616-g050a50673c
  2971 | D:4      | Reached skill level 5 in Fighting
  2971 | D:4      | Reached skill level 5 in Armour
  2971 | D:4      | Reached XP level 6. HP: 24/51 MP: 6/6
  3387 | D:4      | HP: 2/76 [poisoned by an orc wizard]
  3389 | D:4      | Succumbed to an orc wizard's poison

Illustrated notes

Levels and vault maps discovered:
D:1:      grunt_arrival_crossed_arrows, layout_basic,
          shapermc_ecumenical_altar_flowoftime
D:2:      layout_basic, minmay_worlds_worst_comb
D:3:      layout_loops_ring, chequers_serial_rivers_room_b,
          minmay_misc_feat_pillars
D:4:      old_forge, layout_basic, serial_forest, infiniplex_forest_straight_5,
          infiniplex_forest_straight_2, infiniplex_forest_lined_room_2,
          infiniplex_forest_lined_1, infiniplex_forest_straight_2,
          infiniplex_forest_lined_3, minmay_misc_feat_x

Skill      XL: |  1  2  3  4  5 |
---------------+----------------+-----
Fighting       | 4 5 |  5.0
Armour         | 4 5 |  5.1
Long Blades    | 3 4 |  4.2
Shields        | 4 |  4.6

Action                   |  1- 3 |  4- 6 || total
-------------------------+-------+-------++-------
Melee: Long sword        |    90 |   112 ||   202
Throw: Boomerang         |       |    45 ||    45
Invok: Berserk           |     1 |     2 ||     3
Armor: Scale mail        |    66 |       ||    66
       Plate armour      |       |    75 ||    75
Dodge: Dodged            |    62 |    21 ||    83
Block: Buckler           |    33 |    26 ||    59

Table legend: (Time is in decaauts)
 A = Elapsed time spent in this place.
 B = Non-inter-level travel time spent in this place.
 C = Inter-level travel time spent in this place.
 D = Time resting spent in this place.
 E = Time spent auto-exploring this place.
 F = Levels seen in this place.
 G = Mean time per level.
                   A        B        C        D        E       F      G
               +--------+--------+--------+--------+--------+-----+--------+
         Total |   3837 |   3750 |     87 |    522 |   2260 |   4 |  959.2 |
       Dungeon |   3837 |   3750 |     87 |    522 |   2260 |   4 |  959.2 |
               +--------+--------+--------+--------+--------+-----+--------+

Top non-repeatable levels by time:
     D:3: 1164 daAuts
     D:2: 1101 daAuts
     D:1: 1091 daAuts
     D:4: 479 daAuts
